 Dungeon Crawl Stone Soup version 0.28-a0-1493-g08698888e4 (webtiles) character file.

Game seed: 11434364721979086111

1647 testman the Skirmisher (level 9, -15/50 HPs)
             Began as a Vine Stalker Brigand on Jan 12, 2022.
             Was an Elder of Cheibriados.
             Demolished by Duvessa (18 damage)
             ... on level 7 of the Dungeon.
             The game lasted 00:22:19 (4706 turns).

testman the Skirmisher (Vine Stalker Brigand)       Turns: 4706, Time: 00:22:20

Health: -15/50     AC:  5    Str: 29    XL:     9   Next: 0%
Magic:  0/10       EV: 11    Int: 20    God:    Cheibriados [****..]
Gold:   361        SH:  0    Dex: 29    Spells: 8/8 levels left

rFire   . . .      SeeInvis +   o - +2 short sword (drain)
rCold   + . .      Faith    .   (no shield)
rNeg    . . .      Spirit   +   x - +1 leather armour {rC+}
rPois   .          Reflect  .   (no helmet)
rElec   .          Harm     .   c - +0 cloak
rCorr   .          Rampage  .   (no gloves)
Will    +....                   (no boots)
Stlth   ++++......              (no amulet)
HPRegen 0.96/turn               j - +6 ring of strength
MPRegen 0.12/turn               B - ring of see invisible

@: very slow
A: fangs 3, regeneration 1, magic shield, antimagic bite, no potion heal 2
a: Renounce Religion, Bend Time, Temporal Distortion, Slouch


You were on level 7 of the Dungeon.
You worshipped Cheibriados.
Cheibriados was greatly pleased with you.
You visited 1 branch of the dungeon, and saw 7 of its levels.

You collected 361 gold pieces.

Inventory:

Hand Weapons
 i - a +0 hunting sling
 o - a +2 short sword of draining (weapon)
Missiles
 d - 11 poisoned darts (quivered)
 e - 2 curare-tipped darts
 f - 266 stones
 D - 4 atropa-tipped darts
Armour
 b - a +0 robe
 c - a +0 cloak (worn)
 x - a +1 leather armour of cold resistance (worn)
Jewellery
 j - a +6 ring of strength (left hand)
 u - a ring of flight
 B - a ring of see invisible (right hand)
Wands
 a - a wand of mindburst (3)
 s - a wand of polymorph (10)
Scrolls
 k - a scroll of amnesia {unknown}
 l - 2 scrolls of teleportation
 n - a scroll of blinking {unknown}
 p - 4 scrolls of noise {unknown}
 q - a scroll of acquirement {unknown}
 r - 2 scrolls of enchant weapon {unknown}
 t - 4 scrolls of identify {unknown}
 y - a scroll of vulnerability {unknown}
 A - a scroll of fog {unknown}
Potions
 g - a potion of curing
 h - 2 potions of heal wounds {unknown}
 m - 2 potions of degeneration {unknown}
 v - a potion of ambrosia {unknown}
 w - 3 potions of lignification {unknown}
 z - a potion of berserk rage {unknown}
 C - a potion of attraction {unknown}
 E - a potion of haste {unknown}
 F - 2 potions of brilliance {unknown}
 G - a potion of resistance {unknown}


   Skills:
 + Level 7.3 Fighting
 + Level 7.3 Short Blades
 - Level 1.7 Throwing
 - Level 0.7 Dodging
 - Level 5.0 Stealth


You had 8 spell levels left.
You didn't know any spells.
Your spell library contained the following spells:

 Spells                   Type           Power      Damage    Failure   Level
 Magic Dart               Conj           0%         1d3       22%         1
 Call Imp                 Summ           0%         N/A       32%         2
 Ensorcelled Hibernation  Hex/Ice        0%         N/A       32%         2
 Passwall                 Tmut/Erth      0%         N/A       32%         2
 Gell's Gravitas          Tloc           0%         N/A       54%         3
 Mephitic Cloud           Conj/Pois/Air  0%         N/A       54%         3
 Swiftness                Air            0%         N/A       54%         3
 Teleport Other           Tloc           0%         N/A       54%         3
 Dispersal                Tloc           0%         N/A       100%        6


Dungeon Overview and Level Annotations

Branches:
Dungeon (7/15)             Temple (0/1) D:6

Altars:
Cheibriados
Hepliaklqana
Makhleb
Trog
Zin

Annotations:
D:7 Duvessa


Innate Abilities, Weirdness & Mutations

You have razor-sharp teeth.
Your natural rate of healing is unusually fast.
When hurt, damage is shared between your health and your magic reserves.
Your bite disrupts and absorbs the magic of your enemies.
Potions cannot restore your health.


Message History

You throw a poisoned dart. The poisoned dart hits Duvessa.
Duvessa is poisoned.
You puncture Duvessa! You bite Duvessa. You drain her power.
Duvessa is moderately wounded.
Duvessa hits you with a +0 rapier!
You hit Duvessa. Your bite misses Duvessa.
Duvessa is moderately wounded.
Duvessa closely misses you. Duvessa barely misses you.
You hit Duvessa. You drain Duvessa. Your bite misses Duvessa.
Duvessa is moderately wounded.
Duvessa hits you with a +0 rapier.
You hit Duvessa but do no damage. You bite Duvessa! You drain her power.
You feel invigorated.
Duvessa is heavily wounded.
Duvessa hits you with a +0 rapier.
You barely miss Duvessa. Your bite misses Duvessa.
Duvessa is heavily wounded.
Duvessa hits you with a +0 rapier!
You barely miss Duvessa. You bite Duvessa. You drain her power.
You feel invigorated.
Duvessa is heavily wounded.
Duvessa hits you with a +0 rapier.
You are too injured to fight recklessly!
You are too injured to fight recklessly!
You are too injured to fight recklessly!
You barely miss Duvessa. You bite Duvessa. You drain her power.
You feel invigorated.
Duvessa is heavily wounded.
Duvessa barely misses you.
You hit Duvessa but do no damage. You bite Duvessa, but do no damage.
Duvessa is severely wounded.
Duvessa hits you with a +0 rapier!
* * * LOW HITPOINT WARNING * * *
You completely miss Duvessa.
Duvessa is severely wounded.
Duvessa looks more healthy.
Duvessa hits you with a +0 rapier!
* * * LOW HITPOINT WARNING * * *
You closely miss Duvessa. You bite Duvessa, but do no damage.
Duvessa is severely wounded.
Duvessa barely misses you. Duvessa hits you with a +0 rapier!!
You die...

#.# #.# #.#
#.# #.# ####
#.# ....
#..####.##..#
#....)@.<...#
#.....e....##
..#.####(..#.#
# ...#..#
##.#...#
..##### #.#
...


You could see Duvessa (berserk, drained).

Vanquished Creatures
  Prince Ribbit (D:5)
  Sigmund (D:3)
  Menkaure (D:5)
  Edmund (D:5)
  2 centaurs
  A scorpion (D:6)
  Blork the orc (D:5)
  A bullfrog (D:6)
  Dowan (D:7)
  2 howler monkeys
  3 hounds
  A jelly (D:4)
  Ijyb (D:3)
  2 iguanas
  Natasha (thrice) (D:2)
  4 orc wizards
  A killer bee zombie (D:5)
  2 hound skeletons
  3 gnolls (D:5)
  5 adders
  A white imp (D:5)
  An adder skeleton (D:4)
  3 worms
  2 dart slugs
  9 orcs
  10 endoplasms
  4 giant cockroaches
  7 goblins
  7 hobgoblins
  7 jackals (D:2)
  A quokka (D:4)
  9 ball pythons
  6 bats
  A frilled lizard (D:2)
  4 kobolds
  8 rats
117 creatures vanquished.

Vanquished Creatures (others)
  A quokka (D:3)
1 creature vanquished.

Grand Total: 118 creatures vanquished

Notes
Turn   | Place    | Note
-------+----------+-------------------------------------------
     0 | D:1      | testman the Vine Stalker Brigand began the quest for the
                  | Orb.
     0 | D:1      | Reached XP level 1. HP: 11/11 MP: 2/2
   316 | D:1      | Reached XP level 2. HP: 15/15 MP: 3/3
   405 | D:1      | Reached skill level 5 in Stealth
   527 | D:1      | Found a faded altar of an unknown god.
   543 | D:1      | Prayed at the altar of an unknown god.
   543 | D:1      | Became a worshipper of Cheibriados the Contemplative
   543 | D:1      | Reached * piety under Cheibriados
   905 | D:2      | Reached XP level 3. HP: 19/19 MP: 4/4
  1197 | D:2      | Noticed Natasha
  1207 | D:2      | Killed Natasha
  1208 | D:2      | Gained mutation: Your natural rate of healing is unusually
                  | fast. [Vine Stalker growth]
  1208 | D:2      | Reached XP level 4. HP: 11/24 MP: 3/5
  1404 | D:2      | Reached ** piety under Cheibriados
  1423 | D:2      | Noticed Natasha
  1443 | D:2      | Killed Natasha
  1761 | D:2      | Noticed Natasha
  1766 | D:2      | Killed Natasha
  1767 | D:2      | Reached XP level 5. HP: 23/28 MP: 4/6
  1838 | D:3      | Noticed Ijyb
  1847 | D:3      | Killed Ijyb
  1964 | D:3      | Noticed Sigmund
  2229 | D:4      | Found a glowing silver altar of Zin.
  2366 | D:3      | Killed Sigmund
  2367 | D:3      | Reached XP level 6. HP: 34/34 MP: 7/7
  2407 | D:3      | Reached *** piety under Cheibriados
  2423 | D:3      | Noticed a moth of wrath
  2425 | D:3      | Found a bloodstained altar of Trog.
  2922 | D:4      | Found a snail-covered altar of Cheibriados.
  2929 | D:4      | Found a burning altar of Makhleb.
  3061 | D:4      | Reached XP level 7. HP: 18/38 MP: 1/8
  3232 | D:5      | Entered Level 5 of the Dungeon
  3241 | D:5      | Reached skill level 5 in Fighting
  3241 | D:5      | Reached skill level 5 in Short Blades
  3241 | D:5      | Noticed Edmund
  3322 | D:5      | Killed Edmund
  3517 | D:5      | Noticed Blork the orc
  3524 | D:5      | Killed Blork the orc
  3664 | D:5      | Noticed Menkaure
  3664 | D:5      | Noticed Prince Ribbit
  3670 | D:5      | Gained mutation: You have razor-sharp teeth. [Vine Stalker
                  | growth]
  3670 | D:5      | Reached XP level 8. HP: 44/44 MP: 9/9
  3672 | D:5      | Killed Menkaure
  3845 | D:5      | Killed Prince Ribbit
  4011 | D:6      | Reached **** piety under Cheibriados
  4426 | D:6      | Found a staircase to the Ecumenical Temple.
  4513 | D:6      | Found a hazy altar of Hepliaklqana.
  4692 | D:7      | Noticed Duvessa
  4692 | D:7      | Noticed Dowan
  4695 | D:7      | Killed Dowan
  4696 | D:7      | Reached XP level 9. HP: 50/50 MP: 10/10
  4705 | D:7      | HP: 2/50 [Duvessa (12)]
  4706 | D:7      | Demolished by Duvessa

Illustrated notes

Levels and vault maps discovered:
D:1:      dpeg_arrival_yet_another_circle, layout_basic,
          chequers_ecumenical_altar_island
D:2:      layout_basic, uniq_natasha
D:3:      layout_basic, tgw_trog, minmay_quantized, uniq_ijyb, uniq_sigmund
D:4:      layout_loops_ring, zin_academy, mainiacjoe_overflow_big_doors,
          st_stairs_4
D:5:      layout_basic, uniq_edmund, uniq_menkaure, uniq_prince_ribbit1,
          uniq_blork_the_orc
D:6:      layout_loops_ring, general_overflow_altar, temple_doors_e
D:7:      layout_loops_ring, lemuel_doored_altar, mainiacjoe_overflow_alcove_1,
          nemelex_xobeh_ov_fountains_minmay,
          nicolae_concentric_dashed_squares_wild,
          hangedman_decor_diamond_cutter, minmay_circle_x,
          uniq_crazy_yiuf_cottage, uniq_duvessa

Skill      XL: |  1  2  3  4  5  6  7  8 |
---------------+-------------------------+-----
Fighting       | 2 3 4 5 7 |  7.3
Short Blades   | 2 3 4 5 7 |  7.3
Stealth        | 5 |  5.0
Throwing       | |  1.7
Dodging        | |  0.7

Action                   |  1- 3 |  4- 6 |  7- 9 || total
-------------------------+-------+-------+-------++-------
Melee: Dagger            |    61 |    15 |       ||    76
       Bite              |    10 |    17 |    34 ||    61
       Short sword       |       |    66 |   107 ||   173
       Punch             |       |     1 |       ||     1
Throw: Dart              |       |     7 |     6 ||    13
Invok: Bend Time         |       |     1 |       ||     1
Evoke: Wand              |       |     2 |     5 ||     7
  Use: Scroll            |       |       |     1 ||     1
 Stab: Sleeping          |    18 |    17 |    10 ||    45
       Distracted        |     1 |     1 |     1 ||     3
Armor: Robe              |    14 |    10 |     2 ||    26
       Leather armour    |       |       |    22 ||    22
Dodge: Dodged            |    19 |    35 |    54 ||   108

Table legend: (Time is in decaauts)
 A = Elapsed time spent in this place.
 B = Non-inter-level travel time spent in this place.
 C = Inter-level travel time spent in this place.
 D = Time resting spent in this place.
 E = Time spent auto-exploring this place.
 F = Levels seen in this place.
 G = Mean time per level.
                   A        B        C        D        E       F      G
               +--------+--------+--------+--------+--------+-----+--------+
         Total |   6612 |   6413 |    199 |    342 |   4861 |   7 |  944.6 |
       Dungeon |   6612 |   6413 |    199 |    342 |   4861 |   7 |  944.6 |
               +--------+--------+--------+--------+--------+-----+--------+

Top non-repeatable levels by time:
     D:6: 1282 daAuts
     D:2: 1243 daAuts
     D:3: 1091 daAuts
     D:4: 1066 daAuts
     D:1: 1031 daAuts
     D:5: 883 daAuts
     D:7: 12 daAuts
